AoeStats
← Trevor

Black Forest

508448266Analyzed
2v2 RM · 10d ago on Sep 22, 2026· 51m 33s· 4 players
Game mode
Random Map
Map size
Medium (4 player)
Population
200
Speed
Normal
Resources
Standard
Victory
Conquest
Starting age
Dark Age
Ending age
Imperial Age
RankedLock teamsTeams togetherTeam positionsShared explorationLock speedFull tech treeHidden civsTurbo modeCheats
Victory
Defeat
🇺🇦 Malay · Ukraine
1214
+16
🇰🇿 Saracens · Kazakhstan
1194
+16
1208
-16
🇨🇳 Byzantines · China
1204
-16
Trevor
2:09 Loom
11:30 Feudal Age
11:20 Town Watch
13:09 Wheelbarrow
12:26 Double-Bit Axe
18:48 Castle Age
16:32 Horse Collar
18:12 Stone Mining
18:14 Fishing Lines
19:02 Heavy Plow
21:04 Gold Mining
22:14 Bow Saw
24:24 Gillnets
27:21 Imperial Age
25:17 Gillnets
25:52 Scale Barding Armor
25:58 Forging
27:08 Stone Shaft Mining
27:26 Capped Ram
29:41 Iron Casting
29:48 Conscription
29:31 Husbandry
30:25 Gold Shaft Mining
30:39 Fletching
31:41 Squires
31:02 Pikeman
31:02 Man-at-Arms
33:03 Blast Furnace
32:18 Bodkin Arrow
34:39 Bracer
36:38 Elite Battle Elephant
38:33 Long Swordsman
38:33 Halberdier
39:43 Hand Cart
39:59 Two-Handed Swordsman
41:30 Forced Levy
43:17 Arson
44:34 Thalassocracy
44:37 Town Patrol
46:56 Caravan
47:27 Coinage
47:08 Guilds
48:58 Crop Rotation
50:26 Elite Karambit Warrior
Element
11:14 Feudal Age
12:39 Double-Bit Axe
18:49 Castle Age
18:16 Horse Collar
19:54 Wheelbarrow
20:30 Bow Saw
24:23 Heavy Plow
26:06 Hand Cart
26:19 Stone Mining
27:18 Gold Mining
27:33 Fletching
28:50 Gold Shaft Mining
29:22 Town Watch
29:48 Padded Archer Armor
31:14 Leather Archer Armor
32:11 Caravan
35:31 Imperial Age
34:06 Forging
33:56 Scale Mail Armor
34:04 Scale Barding Armor
36:34 Iron Casting
37:49 Husbandry
38:02 Bloodlines
38:35 Ballistics
39:16 Chemistry
39:35 Onager
42:57 Siege Onager
47:21 Heavy Camel Rider
52:54 Two-Man Saw
导师不在玩两把
0:48 Loom
13:34 Feudal Age
14:20 Double-Bit Axe
18:27 Castle Age
19:23 Bow Saw
22:21 Wheelbarrow
24:18 Horse Collar
25:55 Fishing Lines
27:18 Stone Mining
27:18 Gold Mining
30:10 Imperial Age
28:15 Gillnets
28:53 Masonry
31:30 Chemistry
31:58 Citadels
31:52 Town Watch
32:25 Hand Cart
33:04 Architecture
32:47 Heavy Plow
33:50 Two-Man Saw
34:44 Town Patrol
38:28 Pikeman
39:32 Scale Mail Armor
39:43 Forging
39:06 Halberdier
41:37 Chain Mail Armor
41:58 Iron Casting
45:22 Coinage
46:33 Banking
Yone
11:12 Feudal Age
17:32 Castle Age
17:03 Double-Bit Axe
21:51 Fletching
23:16 Horse Collar
30:31 Wheelbarrow
30:22 Fishing Lines
33:34 Imperial Age
32:14 Fortified Wall
33:03 Bodkin Arrow
33:31 Heavy Plow
33:17 Elite Skirmisher
33:59 Padded Archer Armor
34:20 Ballistics
35:21 Chemistry
35:08 Conscription
35:17 Leather Archer Armor
35:51 Hand Cart
35:51 Treadmill Crane
36:13 Gold Mining
36:18 Stone Mining
37:38 Husbandry
37:46 Scale Barding Armor
39:03 Heavy Camel Rider
40:41 Forging
42:36 Iron Casting
44:45 Murder Holes
46:58 Light Cavalry
48:35 Logistica
47:47 Elite Cataphract
48:18 Arrowslits
49:05 Bracer
50:21 Hoardings
51:09 Chain Barding Armor
Connection lost

Rejoining the realm…

Still unreachable

The connection could not be restored.

Session expired

The server has moved on; the page needs a fresh start.